 Dungeon Crawl Stone Soup version 0.27.0-1-g7a089689b8 (webtiles) character file.

Game seed: 6592762847339247311

3 EnegeticOcto the Covered (level 1, 20/20 HPs)
             Began as a Minotaur Fighter on Aug 9, 2021.
             Was a Follower of Kikubaaqudgha.
             Quit the game on level 1 of the Dungeon.
             The game lasted 00:00:09 (134 turns).

EnegeticOcto the Covered (Minotaur Fighter)          Turns: 134, Time: 00:00:10

Health: 20/20      AC:  7    Str: 20    XL:     1   Next: 41%
Magic:  0/0        EV:  7    Int:  5    God:    Kikubaaqudgha [*.....]
Gold:   29         SH:  9    Dex:  9    Spells: 0/0 levels left

rFire    . . .     SeeInvis .   a - +0 war axe
rCold    . . .     Faith    .   c - +0 kite shield
rNeg     . . .     Spirit   .   b - +0 scale mail
rPois    .         Reflect  .   (helmet restricted)
rElec    .         Harm     .   (no cloak)
rCorr    .         Rampage  .   (no gloves)
Will     .....                  (no boots)
Stlth    ..........             (no amulet)
HPRegen  0.06/turn              (no ring)
MPRegen  0.07/turn              (no ring)

@: no status effects
A: horns 2, retaliatory headbutt
a: Renounce Religion, Receive Corpses


You were on level 1 of the Dungeon.
You worshipped Kikubaaqudgha.
Kikubaaqudgha was aware of your devotion.
You visited 1 branch of the dungeon, and saw 1 of its levels.

You collected 29 gold pieces.

Inventory:

Hand Weapons
 a - a +0 war axe (weapon)
Armour
 b - a +0 scale mail (worn)
 c - a +0 kite shield (worn)
Scrolls
 g - a scroll of teleportation {unknown}
 h - a scroll of identify {unknown}
Potions
 d - a potion of might {@q3}
 e - a potion of degeneration {unknown}
 f - a potion of ambrosia {unknown}


   Skills:
 + Level 3.7 Fighting
 * Level 2.6 Axes
 + Level 3.7 Armour
 + Level 3.7 Shields


You couldn't memorise any spells.
You didn't know any spells.
Your spell library contained the following spells:

 Spells                   Type           Power      Damage    Failure   Level
 Pain                     Necr           0%         1d4       100%        1
 Corpse Rot               Necr/Air       N/A        N/A       100%        2
 Sublimation of Blood     Necr           0%         N/A       100%        2
 Vampiric Draining        Necr           0%         2d6       100%        3


Dungeon Overview and Level Annotations

Branches:
Dungeon (1/15)

Altars:
Kikubaaqudgha


Innate Abilities, Weirdness & Mutations

You have a pair of horns on your head.
You reflexively headbutt those who attack you in melee.


Message History

Will you prevail where others failed? Will you find the Orb of Zot?
Press ? for a list of commands and other information.
Found a short sword.
Found a staircase leading out of the dungeon.
Found a stone staircase leading down.
e - a murky dark potion
Found a stone staircase leading down.
A bat comes into view.
A bat is nearby!
You barely miss the bat. You headbutt the bat.
The bat is moderately wounded.
You block the bat's attack.
You closely miss the bat. Your headbutt misses the bat.
The bat hits you but does no damage. The bat hits you but does no damage.
The bat hits you but does no damage. The bat closely misses you.
Your scale mail prevents you from hitting the bat.
The bat closely misses you. You furiously retaliate!
You headbutt the bat!
You kill the bat!
No target in view!
No target in view!
No target in view!
No target in view!
No target in view!
You now have 17 gold pieces.
Found 18 stones.
f - a bubbling inky potion
Found a stone staircase leading down.
No target in view!
No target in view!
No target in view!
No target in view!
No target in view!
No target in view!
No target in view!
No target in view!
No target in view!
g - a scroll labelled XAOHUO MOLEUHI A kobold comes into view.
It is wielding a +0 dagger.
The kobold shouts!
A kobold is nearby!
A kobold is nearby!
A kobold is nearby!
A kobold is nearby!
A kobold is nearby!
The kobold throws a stone.
You block the stone.
An endoplasm comes into view.
You barely miss the kobold. The kobold barely misses you.
You block the kobold's attack. The endoplasm freezes you.
You are frozen.
You barely miss the kobold. You slash the endoplasm!
You kill the endoplasm!
The kobold barely misses you. x2
You closely miss the kobold. You block the kobold's attack.
You closely miss the kobold.
You headbutt the kobold, but do no damage.
The kobold barely misses you. The kobold closely misses you.
You closely miss the kobold. You headbutt the kobold.
You kill the kobold!
No target in view!
No target in view!
No target in view!
No target in view!
No target in view!
HP restored.
Found 12 gold pieces.
Things that are here:
a +0 dagger; 4 stones
h - a scroll labelled HESTIKHA WIUPT
Things that are here:
a +0 dagger; 4 stones You now have 29 gold pieces (gained 12).
You open the door.
Found a faded altar of an unknown god.
No reachable target in view!
No reachable target in view!
No reachable target in view!
No reachable target in view!
No reachable target in view!
No reachable target in view!
No reachable target in view!
No reachable target in view!
No reachable target in view!
No reachable target in view!
No reachable target in view!
No reachable target in view!
No reachable target in view!
No reachable target in view!
No reachable target in view!
No reachable target in view!
There is an open door here.
There is a faded altar of an unknown god here.
You cannot tell which god this altar belongs to.
Convert to them anyway?
Kikubaaqudgha accepts your prayer! Kikubaaqudgha welcomes you!
You can now receive cadavers from Kikubaaqudgha.
Kikubaaqudgha grants you a gift!
You add the spells Pain, Sublimation of Blood, Corpse Rot and Vampiric Draining to your library.
Are you sure you want to abandon this character and quit the game? (Confirm with "yes".)

##.....#... ###.###.#..#
#.. ...#......# ####
####..###.#..###.# #...
......#......#....
#..#######....#.(###.#..##
#..#8...8#.......#......#.
#.P#.###.##......#..###.#.
#..'.#1#.@#.........#.....
#.P#.###.##.........#..###
#..#8...8#.............#..
#..#######.............#..
#....................>....
#.......####.........#####
######..# #.##.......####
#..## #..#....>..#...
#...# #..#.......#...


You could see a Brimstone Fiend (petrified).

Vanquished Creatures
  A bat (D:1)
  An endoplasm (D:1)
  A kobold (D:1)
3 creatures vanquished.

Notes
Turn   | Place    | Note
-------+----------+-------------------------------------------
     0 | D:1      | EnegeticOcto the Minotaur Fighter began the quest for the
                  | Orb.
     0 | D:1      | Reached XP level 1. HP: 19/19 MP: 0/0
   125 | D:1      | Found a faded altar of an unknown god.
   125 | D:1      | Noticed a Brimstone Fiend
   133 | D:1      | Became a worshipper of Kikubaaqudgha
   133 | D:1      | Reached * piety under Kikubaaqudgha
   133 | D:1      | Received a gift from Kikubaaqudgha
   134 | D:1      | Quit the game

Illustrated notes

Levels and vault maps discovered:
D:1:      shiori_arrival_oz, layout_rooms,
          dreamdust_ecumenical_altar_sealed_demon, hangedman_decor_points

Action                   || total
-------------------------++-------
Melee: War axe           ||     8
       Headbutt          ||     3
Armor: Scale mail        ||     3
Dodge: Dodged            ||     7
Block: Kite shield       ||     4
